 Dungeon Crawl Stone Soup version 0.29.0-5-ge4962eb29e (webtiles) character file.

Game seed: 2539023501264305131

140 themarg the Thaumaturge (level 5, -3/37 HPs)
             Began as a Gnoll Wanderer on Aug 28, 2022.
             Was a Believer of Nemelex Xobeh.
             Killed from afar by an orc wizard (7 damage)
             ... with a magic dart
             ... on level 3 of the Dungeon.
             The game lasted 00:06:48 (2781 turns).

themarg the Thaumaturge (Gnoll Wanderer)            Turns: 2781, Time: 00:06:49

Health: -3/37      AC:  5    Str: 11    XL:     5   Next: 22%
Magic:  16/16      EV: 11    Int: 11    God:    Nemelex Xobeh [**....]
Gold:   166        SH:  0    Dex: 14    Spells: 22/22 levels left

rFire   . . .      SeeInvis .   h - +2 dagger (drain)
rCold   . . .      Faith    .   (no shield)
rNeg    . . .      Spirit   .   d - +0 leather armour
rPois   .          Reflect  .   (no helmet)
rElec   .          Harm     .   (no cloak)
rCorr   .          Rampage  .   (no gloves)
Will    .....                   p - +0 pair of boots
Stlth   ++........              (no amulet)
HPRegen 0.12/turn               (no ring)
MPRegen 0.15/turn               (no ring)

@: no status effects
A: fangs 1, strong nose, distributed training
a: Renounce Religion, Draw Escape, Draw Destruction, Draw Summoning


You were on level 3 of the Dungeon.
You worshipped Nemelex Xobeh.
Nemelex Xobeh was pleased with you.
You visited 1 branch of the dungeon, and saw 3 of its levels.

You collected 166 gold pieces.

Inventory:

Hand Weapons
 h - a +2 dagger of draining (weapon)
Missiles
 j - 5 silver javelins (quivered)
Armour
 b - a +0 scale mail
 d - a +0 leather armour (worn)
 m - a +0 troll leather armour
 p - a +0 pair of boots (worn)
Scrolls
 e - a scroll of immolation {unknown}
 i - a scroll of summoning {unknown}
 o - a scroll of teleportation {unknown}
Potions
 a - 3 potions of lignification {unknown}
 c - 3 potions of heal wounds
 f - a potion of mutation {unknown}
 g - a potion of flight {unknown}
 k - a potion of curing {unknown}
 l - a potion of cancellation {unknown}
 n - a potion of brilliance {unknown}


   Skills:
 + Level 1.4 Fighting
 + Level 1.4 Short Blades
 + Level 1.4 Long Blades
 + Level 1.4 Axes
 + Level 1.4 Maces & Flails
 + Level 1.4 Polearms
 + Level 3.0 Staves
 + Level 1.4 Ranged Weapons
 + Level 1.4 Throwing
 + Level 6.7 Armour
 + Level 1.4 Dodging
 + Level 1.4 Stealth
 + Level 1.4 Shields
 + Level 1.4 Unarmed Combat
 + Level 9.4 Spellcasting
 + Level 1.1 Conjurations
 + Level 1.1 Hexes
 + Level 1.1 Summonings
 + Level 1.1 Necromancy
 + Level 1.1 Translocations
 + Level 1.1 Transmutations
 + Level 1.1 Fire Magic
 + Level 1.1 Ice Magic
 + Level 1.1 Air Magic
 + Level 1.1 Earth Magic
 + Level 1.1 Poison Magic
 + Level 3.0 Invocations
 + Level 1.4 Evocations


You had 22 spell levels left.
You didn't know any spells.
Your spell library contained the following spells:

 Spells                   Type           Power      Damage    Failure   Level
 Necrotise                Necr           28%        1d5       11%         1
 Sandblast                Erth           14%        2d6       11%         1
 Sting                    Tmut/Pois      28%        1d4       11%         1
 Poisonous Vapours        Pois/Air       14%        N/A       16%         2
 Portal Projectile        Hex/Tloc       14%        N/A       32%         3
 Vampiric Draining        Necr           7%         2d6       32%         3
 Olgreb's Toxic Radiance  Pois           7%         N/A       71%         4


Dungeon Overview and Level Annotations

Branches:
Dungeon (3/15)

Altars:
Nemelex Xobeh


Innate Abilities, Weirdness & Mutations

You have very sharp teeth.
Your uncanny sense of smell can sniff out nearby items.
Your experience applies equally to all skills.


Message History

The orc hits you with a +0 club.
* * * LOW HITPOINT WARNING * * *
The orc wizard completely misses you.
You barely miss the orc wizard.
The orc wizard is heavily wounded.
You hit the orc wizard.
You punch the orc wizard, but do no damage.
The orc wizard is severely wounded.
The orc hits you with a +0 club.
* * * LOW HITPOINT WARNING * * *
The orc wizard barely misses you.
You hit the orc wizard but do no damage.
You bite the orc wizard, but do no damage.
The orc wizard is severely wounded.
The orc barely misses you. The orc wizard barely misses you.
You closely miss the orc wizard.
The orc wizard is severely wounded.
The orc hits you with a +0 club.
* * * LOW HITPOINT WARNING * * *
The orc wizard casts a spell at you. The magic dart hits you.
* * * LOW HITPOINT WARNING * * *
You draw a card...
You have drawn the Elixir.
You begin rapidly regenerating health and magic.
The orc barely misses you.
The orc wizard hits you with a +0 dagger.
* * * LOW HITPOINT WARNING * * *
You hit the orc wizard. Your bite misses the orc wizard.
The orc wizard is severely wounded.
The orc hits you but does no damage. The orc wizard barely misses you.
You hit the orc wizard but do no damage.
The orc wizard is severely wounded.
The orc barely misses you. The orc wizard closely misses you.
You closely miss the orc wizard.
The orc wizard is severely wounded.
The orc barely misses you.
The orc wizard gestures at you while chanting.
The magic dart hits you!
You die...
Your body glows slightly and disappears.

.....####.###
.....####'###
............#
............##
.............####
................##
............#....#
............#....#
#############..o@#
#..)o# ####..# ∆ ∆
....# ....# .....#
.....# ∆ ......#


You could see an orc wizard (very drained) and an orc.

Vanquished Creatures
  An orc wizard (D:3)
  An adder (D:2)
  3 gnolls (D:3)
  2 worms (D:2)
  A dart slug (D:1)
  7 orcs (D:3)
  4 endoplasms
  3 giant cockroaches
  3 goblins (D:1)
  8 hobgoblins
  4 jackals (D:2)
  6 ball pythons (D:1)
  4 bats
  2 frilled lizards (D:1)
  6 kobolds
  4 rats (D:1)
59 creatures vanquished.

Notes
Turn   | Place    | Note
-------+----------+-------------------------------------------
     0 | D:1      | Reached skill level 9 in Spellcasting
     0 | D:1      | themarg the Gnoll Wanderer began the quest for the Orb.
     0 | D:1      | themarg set off with the following items: a +0
                  | quarterstaff, a +0 scale mail, a potion of heal wounds; and
                  | the following spells available to memorise: Necrotise,
                  | Sandblast, Portal Projectile, Vampiric Draining.
     0 | D:1      | Reached XP level 1. HP: 13/13 MP: 10/10
    54 | D:1      | Found a faded altar of an unknown god.
    57 | D:1      | Prayed at the altar of an unknown god.
    57 | D:1      | Became a worshipper of Nemelex Xobeh the Trickster
    57 | D:1      | Reached * piety under Nemelex Xobeh
    57 | D:1      | Received a gift from Nemelex Xobeh
   306 | D:1      | Reached XP level 2. HP: 19/19 MP: 12/12
   577 | D:1      | Reached XP level 3. HP: 19/25 MP: 13/13
  1080 | D:1      | Reached ** piety under Nemelex Xobeh
  1303 | D:2      | Reached skill level 1 in Fighting
  1303 | D:2      | Reached skill level 1 in Short Blades
  1303 | D:2      | Reached skill level 1 in Long Blades
  1303 | D:2      | Reached skill level 1 in Axes
  1303 | D:2      | Reached skill level 1 in Maces & Flails
  1303 | D:2      | Reached skill level 1 in Polearms
  1303 | D:2      | Reached skill level 1 in Ranged Weapons
  1303 | D:2      | Reached skill level 1 in Throwing
  1303 | D:2      | Reached skill level 1 in Dodging
  1303 | D:2      | Reached skill level 1 in Stealth
  1303 | D:2      | Reached skill level 1 in Shields
  1303 | D:2      | Reached skill level 1 in Unarmed Combat
  1303 | D:2      | Reached skill level 1 in Evocations
  1432 | D:2      | Reached XP level 4. HP: 31/32 MP: 15/15
  2402 | D:3      | Reached skill level 1 in Conjurations
  2402 | D:3      | Reached skill level 1 in Hexes
  2402 | D:3      | Reached skill level 1 in Summonings
  2402 | D:3      | Reached skill level 1 in Necromancy
  2402 | D:3      | Reached skill level 1 in Translocations
  2402 | D:3      | Reached skill level 1 in Transmutations
  2402 | D:3      | Reached skill level 1 in Fire Magic
  2402 | D:3      | Reached skill level 1 in Ice Magic
  2402 | D:3      | Reached skill level 1 in Air Magic
  2402 | D:3      | Reached skill level 1 in Earth Magic
  2402 | D:3      | Reached skill level 1 in Poison Magic
  2768 | D:3      | Reached XP level 5. HP: 18/37 MP: 16/16
  2781 | D:3      | Killed from afar by an orc wizard

Illustrated notes

Levels and vault maps discovered:
D:1:      dpeg_arrival_rooms_c, layout_loops_corners,
          hellmonk_ecumenical_altar_inner_sanctum, serial_park_tiny_2,
          item_on_display_a
D:2:      layout_basic, chequers_serial_rivers_micro_d
D:3:      layout_basic, corexii_item_surrounded_by_moat

Skill      XL: |  1  2  3  4 |
---------------+-------------+-----
Spellcasting   | |  9.4
Fighting       | 1 |  1.4
Short Blades   | 1 |  1.4
Long Blades    | 1 |  1.4
Axes           | 1 |  1.4
Maces & Flails | 1 |  1.4
Polearms       | 1 |  1.4
Ranged Weapons | 1 |  1.4
Throwing       | 1 |  1.4
Dodging        | 1 |  1.4
Stealth        | 1 |  1.4
Shields        | 1 |  1.4
Unarmed Combat | 1 |  1.4
Evocations     | 1 |  1.4
Conjurations   | 1 |  1.1
Hexes          | 1 |  1.1
Summonings     | 1 |  1.1
Necromancy     | 1 |  1.1
Translocations | 1 |  1.1
Transmutations | 1 |  1.1
Fire Magic     | 1 |  1.1
Ice Magic      | 1 |  1.1
Air Magic      | 1 |  1.1
Earth Magic    | 1 |  1.1
Poison Magic   | 1 |  1.1
Invocations    | 3 |  3.0
Staves         | 3 |  3.0
Armour         | |  6.7

Action                   |  1- 3 |  4- 6 || total
-------------------------+-------+-------++-------
Melee: Quarterstaff      |    11 |       ||    11
       Short sword       |     7 |       ||     7
       Bite              |     9 |    10 ||    19
       Dagger            |    72 |    70 ||   142
       Punch             |     2 |     2 ||     4
Invok: Draw Destruction  |       |     1 ||     1
       Draw Escape       |       |     1 ||     1
 Stab: Sleeping          |     3 |       ||     3
Armor: Leather armour    |    17 |    10 ||    27
Dodge: Dodged            |    54 |    37 ||    91
